| TOP OF THE 1ST |
|
Tacoma Rainiers batting - Pitching for Salt Lake Bees : LHP Carlos Toledo
|
|
Pitching: LHP Carlos Toledo
|
|
|
Batting: RHB Sean Peake
|
0-0: Called Strike 0-1: Swinging Strike 0-2: Ball 1-2: SINGLE (Groundball, 56D, EV 97.5 MPH)
|
|
Pitching: LHP Pete Zamarron
|
|
|
Batting: LHB Tom Reynolds
|
0-0: Ball 1-0: Ball 2-0: Called Strike 2-1: Swinging Strike 2-2: SINGLE (Groundball, 6D, EV 103.8 MPH) Sean Peake to second
|
|
Batting: LHB Jerrod Cluck
|
0-0: Foul Ball, location: 2F 0-1: Swinging Strike 0-2: Foul Ball, location: 2F 0-2: Foul Ball, location: 2F 0-2: Strikes out swinging
|
|
Batting: LHB Cliff Thomas
|
0-0: Ball 1-0: Foul Ball, location: 2F 1-1: Called Strike 1-2: SINGLE (Groundball, 34D, EV 108.8 MPH) (infield hit) Sean Peake to third Tom Reynolds to second
|
|
Batting: RHB Bill Vives
|
0-0: Ball 1-0: Called Strike 1-1: Swinging Strike 1-2: Strikes out swinging
|
|
Batting: LHB Caleb Domino
|
0-0: Ball 1-0: Ball 2-0: Ball 3-0: Called Strike 3-1: Base on Balls Sean Peake scores Tom Reynolds to third Cliff Thomas to second
|
|
Batting: RHB Rick Ellis
|
0-0: Called Strike 0-1: Ground out 1-3 (Groundball, 13S, EV 70.0 MPH)
|
| Top of the 1st over - 1 run, 3 hits, 0 errors, 3 left on base; Tacoma 1 - Salt Lake 0 |
| BOTTOM OF THE 1ST |
|
Salt Lake Bees batting - Pitching for Tacoma Rainiers : RHP Amine Laurent
|
|
Pitching: RHP Amine Laurent
|
|
|
Batting: RHB Reginald McDougall
|
0-0: Ball 1-0: Ball 2-0: SINGLE (Groundball, 56S, EV 68.1 MPH) (infield hit)
|
|
Batting: RHB Guillermo Mojica
|
0-0: Foul Ball, location: 2F 0-1: Fielders Choice at 2nd, 4-6 (Groundball, 34, EV 98.8 MPH)
|
|
Batting: RHB Justin Lauderdale
|
0-0: Fly out, F7 (Flyball, 7D, EV 89.4 MPH)
|
|
Batting: LHB Matt Patnaude
|
0-0: Called Strike Guillermo Mojica steals 2nd base (no throw) 0-1: Ball 1-1: Ball 2-1: Ball 3-1: Base on Balls
|
|
Batting: RHB Cesar Ortega
|
0-0: Called Strike 0-1: Ball 1-1: Swinging Strike 1-2: Fielders Choice at 2nd, 6-4 (Groundball, 6, EV 88.1 MPH)
|
| Bottom of the 1st over - 0 runs, 1 hit, 0 errors, 2 left on base; Tacoma 1 - Salt Lake 0 |
| TOP OF THE 2ND |
|
Tacoma Rainiers batting - Pitching for Salt Lake Bees : LHP Pete Zamarron
|
|
Batting: RHB Kikuo Sato
|
0-0: Called Strike 0-1: Ground out 5-3 (Groundball, 56S, EV 82.5 MPH)
|
|
Batting: RHB Salvador Avina
|
0-0: Called Strike 0-1: Ground out 1-3 (Groundball, 13, EV 63.1 MPH)
|
|
Batting: RHB Sean Peake
|
0-0: Ball 1-0: Reached on error, E5 (Groundball, 56S, EV 83.8 MPH)
|
|
Batting: LHB Tom Reynolds
|
0-0: Ball 1-0: Foul Ball, location: 2F 1-1: Ball Sean Peake steals 2nd base 2-1: Ground out 6-3 (Groundball, 6, EV 86.2 MPH)
|
| Top of the 2nd over - 0 runs, 0 hits, 1 error, 1 left on base; Tacoma 1 - Salt Lake 0 |
| BOTTOM OF THE 2ND |
|
Salt Lake Bees batting - Pitching for Tacoma Rainiers : RHP Amine Laurent
|
|
Batting: SHB Brendan Bundy
|
0-0: Called Strike 0-1: Ball 1-1: Swinging Strike 1-2: Strikes out looking
|
|
Batting: SHB Ivan Barry
|
0-0: Ball 1-0: DOUBLE (Line Drive, 8LXD, EV 102.5 MPH)
|
|
Batting: RHB Ryan Marler
|
0-0: Ball 1-0: Ball 2-0: Foul Ball, location: 2F 2-1: Foul Ball, location: 2F 2-2: SINGLE (Groundball, 6D, EV 101.9 MPH) Ivan Barry to third
|
|
Batting: RHB David Young
|
0-0: Grounds into double play, 5-4-3 (Groundball, 56S, EV 89.4 MPH)
|
| Bottom of the 2nd over - 0 runs, 2 hits, 0 errors, 1 left on base; Tacoma 1 - Salt Lake 0 |
| TOP OF THE 3RD |
|
Tacoma Rainiers batting - Pitching for Salt Lake Bees : LHP Pete Zamarron
|
|
Batting: LHB Jerrod Cluck
|
0-0: Ground out 6-3 (Groundball, 6, EV 78.8 MPH)
|
|
Batting: LHB Cliff Thomas
|
0-0: Ball 1-0: Called Strike 1-1: Ball 2-1: Swinging Strike 2-2: Foul Ball, location: 2F 2-2: Foul Ball, location: 2F 2-2: Ground out 4-3 (Groundball, 34, EV 94.4 MPH)
|
|
Batting: RHB Bill Vives
|
0-0: Foul Ball, location: 2F 0-1: Ball 1-1: Ground out 6-3 (Groundball, 6S, EV 88.1 MPH)
|
| Top of the 3rd over - 0 runs, 0 hits, 0 errors, 0 left on base; Tacoma 1 - Salt Lake 0 |
| BOTTOM OF THE 3RD |
|
Salt Lake Bees batting - Pitching for Tacoma Rainiers : RHP Amine Laurent
|
|
Batting: RHB Reginald McDougall
|
0-0: Called Strike 0-1: SINGLE (Groundball, 56D, EV 106.2 MPH)
|
|
Batting: RHB Guillermo Mojica
|
0-0: Ball 1-0: Ball 2-0: Fly out, F9 (Flyball, 9LM, EV 76.2 MPH)
|
|
Batting: RHB Justin Lauderdale
|
0-0: Ball 1-0: Ball 2-0: Foul Ball, location: 2F 2-1: Swinging Strike 2-2: Ball 3-2: Fielders Choice at 2nd, 3-6 (Groundball, 13, EV 82.5 MPH)
|
|
Batting: LHB Matt Patnaude
|
0-0: Ball 1-0: Ground out 1-3 (Groundball, 13S, EV 68.1 MPH)
|
| Bottom of the 3rd over - 0 runs, 1 hit, 0 errors, 1 left on base; Tacoma 1 - Salt Lake 0 |
| TOP OF THE 4TH |
|
Tacoma Rainiers batting - Pitching for Salt Lake Bees : LHP Pete Zamarron
|
|
Batting: LHB Caleb Domino
|
0-0: Called Strike 0-1: Ball 1-1: Foul Ball, location: 2F 1-2: Strikes out swinging
|
|
Batting: RHB Rick Ellis
|
0-0: Called Strike 0-1: Ball 1-1: Ball 2-1: SINGLE (Groundball, 34D, EV 100.6 MPH)
|
|
Pitching: RHP Kirk Thacker
|
|
|
Batting: RHB Kikuo Sato
|
0-0: Fly out, F7 (Flyball, 7S, EV 88.1 MPH)
|
|
Batting: RHB Salvador Avina
|
0-0: Foul Ball, location: 2F 0-1: Called Strike 0-2: Strikes out swinging
|
| Top of the 4th over - 0 runs, 1 hit, 0 errors, 1 left on base; Tacoma 1 - Salt Lake 0 |
| BOTTOM OF THE 4TH |
|
Salt Lake Bees batting - Pitching for Tacoma Rainiers : RHP Amine Laurent
|
|
Batting: RHB Cesar Ortega
|
0-0: Ball 1-0: Fly out, F7 (Flyball, 7, EV 91.9 MPH)
|
|
Batting: SHB Brendan Bundy
|
0-0: Ball 1-0: Ball 2-0: Called Strike 2-1: Swinging Strike 2-2: Ball 3-2: Base on Balls
|
|
Batting: SHB Ivan Barry
|
0-0: Called Strike 0-1: Ball 1-1: Called Strike 1-2: Ball 2-2: Ball 3-2: Base on Balls Brendan Bundy to second
|
|
Batting: RHB Ryan Marler
|
0-0: Ball 1-0: Swinging Strike 1-1: Swinging Strike 1-2: Strikes out swinging
|
|
Batting: RHB David Young
|
0-0: Foul Ball, location: 2F 0-1: SINGLE (Line Drive, 8RS, EV 102.5 MPH) Brendan Bundy to third Ivan Barry to second
|
|
Batting: RHB Reginald McDougall
|
0-0: Swinging Strike 0-1: Ball 1-1: Foul Ball, location: 2F 1-2: Ball 2-2: Strikes out swinging
|
| Bottom of the 4th over - 0 runs, 1 hit, 0 errors, 3 left on base; Tacoma 1 - Salt Lake 0 |
| TOP OF THE 5TH |
|
Tacoma Rainiers batting - Pitching for Salt Lake Bees : RHP Kirk Thacker
|
|
Batting: RHB Sean Peake
|
0-0: Ground out 5-3 (Groundball, 56, EV 86.2 MPH)
|
|
Batting: LHB Tom Reynolds
|
0-0: Ball 1-0: Called Strike 1-1: Ground out U3 (Groundball, 3, EV 98.8 MPH)
|
|
Batting: LHB Jerrod Cluck
|
0-0: Ball 1-0: Called Strike 1-1: Ball 2-1: Ball 3-1: Base on Balls
|
|
Batting: LHB Cliff Thomas
|
0-0: Ball 1-0: Ball 2-0: Called Strike 2-1: Ball 3-1: Called Strike 3-2: SINGLE (Groundball, 4MD, EV 95.0 MPH) Jerrod Cluck to second Jerrod Cluck to third
|
|
Batting: RHB Bill Vives
|
0-0: Ball 1-0: Swinging Strike 1-1: Ball Wild Pitch! Jerrod Cluck scores Cliff Thomas to second 2-1: Foul Ball, location: 2F 2-2: Ground out 5-3 (Groundball, 5S, EV 79.4 MPH)
|
| Top of the 5th over - 1 run, 1 hit, 0 errors, 1 left on base; Tacoma 2 - Salt Lake 0 |
| BOTTOM OF THE 5TH |
|
Salt Lake Bees batting - Pitching for Tacoma Rainiers : RHP Amine Laurent
|
|
Batting: RHB Guillermo Mojica
|
0-0: Ground out U3 (Groundball, 13, EV 84.4 MPH)
|
|
Batting: RHB Justin Lauderdale
|
0-0: Called Strike 0-1: Fly out, F8 (Flyball, 89D, EV 94.4 MPH)
|
|
Batting: LHB Matt Patnaude
|
0-0: Ball 1-0: Foul Ball, location: 2F 1-1: DOUBLE (Flyball, 89D, EV 105.0 MPH)
|
|
Batting: RHB Cesar Ortega
|
0-0: Ground out 6-3 (Groundball, 6S, EV 83.1 MPH)
|
| Bottom of the 5th over - 0 runs, 1 hit, 0 errors, 1 left on base; Tacoma 2 - Salt Lake 0 |
| TOP OF THE 6TH |
|
Tacoma Rainiers batting - Pitching for Salt Lake Bees : RHP Kirk Thacker
|
|
Batting: LHB Caleb Domino
|
0-0: Ball 1-0: Ball 2-0: Ball 3-0: Called Strike 3-1: Called Strike 3-2: Foul Ball, location: 2F 3-2: Strikes out swinging
|
|
Batting: RHB Rick Ellis
|
0-0: Ball 1-0: Ball 2-0: Ball 3-0: Called Strike 3-1: Called Strike 3-2: Foul Ball, location: 2F 3-2: Fly out, F9 (Line Drive, 9D, EV 92.5 MPH)
|
|
Batting: RHB Kikuo Sato
|
0-0: Foul Ball, location: 2F 0-1: Ground out 5-3 (Groundball, 56S, EV 77.5 MPH)
|
| Top of the 6th over - 0 runs, 0 hits, 0 errors, 0 left on base; Tacoma 2 - Salt Lake 0 |
| BOTTOM OF THE 6TH |
|
Salt Lake Bees batting - Pitching for Tacoma Rainiers : RHP Amine Laurent
|
|
Batting: SHB Brendan Bundy
|
0-0: Called Strike 0-1: Ground out 5-3 (Groundball, 56, EV 77.5 MPH)
|
|
Batting: SHB Ivan Barry
|
0-0: Called Strike 0-1: Ball 1-1: Swinging Strike 1-2: Ball 2-2: Foul Ball, location: 2F 2-2: Strikes out swinging
|
|
Batting: RHB Ryan Marler
|
0-0: Ball 1-0: Ball 2-0: Ball 3-0: Called Strike 3-1: Base on Balls
|
|
Batting: RHB David Young
|
0-0: SINGLE (Groundball, 34D, EV 95.0 MPH) Ryan Marler to second Runner from 2nd tries for 3rd, SAFE, throw by RF made at trailing runner, OUT! 9-6
|
| Bottom of the 6th over - 0 runs, 1 hit, 0 errors, 1 left on base; Tacoma 2 - Salt Lake 0 |
| TOP OF THE 7TH |
|
Tacoma Rainiers batting - Pitching for Salt Lake Bees : RHP Kirk Thacker
|
|
Pitching: LHP Dan Poirier
|
|
|
Batting: RHB Salvador Avina
|
0-0: Foul Ball, location: 2F 0-1: Swinging Strike 0-2: Ball 1-2: Fly out, F8 (Flyball, 8LS, EV 77.5 MPH)
|
|
Batting: RHB Sean Peake
|
0-0: Ball 1-0: Ball 2-0: Ball 3-0: Called Strike 3-1: Fly out, F9 (Line Drive, 9S, EV 100.0 MPH)
|
|
Batting: LHB Tom Reynolds
|
0-0: Called Strike 0-1: Swinging Strike 0-2: Ball 1-2: Foul Ball, location: 2F 1-2: Strikes out swinging
|
| Top of the 7th over - 0 runs, 0 hits, 0 errors, 0 left on base; Tacoma 2 - Salt Lake 0 |
| BOTTOM OF THE 7TH |
|
Salt Lake Bees batting - Pitching for Tacoma Rainiers : RHP Amine Laurent
|
|
Batting: RHB Reginald McDougall
|
0-0: Foul Ball, location: 2F 0-1: Ball 1-1: Foul Ball, location: 2F 1-2: Ground out U3 (Groundball, 34S, EV 65.6 MPH)
|
|
Batting: RHB Guillermo Mojica
|
0-0: SINGLE (Line Drive, 8LS, EV 100.6 MPH)
|
|
Batting: RHB Justin Lauderdale
|
0-0: Ball Wild Pitch! Guillermo Mojica to second 1-0: Ball 2-0: Foul Ball, location: 2F 2-1: Ball 3-1: Foul Ball, location: 2F 3-2: Foul Ball, location: 2F 3-2: Foul Ball, location: 2F 3-2: SINGLE (Groundball, 4MS, EV 73.8 MPH) (infield hit) Guillermo Mojica to third
|
|
Batting: LHB Matt Patnaude
|
0-0: Called Strike 0-1: Ball 1-1: Ball 2-1: Foul Ball, location: 2F 2-2: Foul Ball, location: 2F 2-2: Ball 3-2: Foul Ball, location: 2F 3-2: Foul Ball, location: 2F 3-2: Foul Ball, location: 2F 3-2: Base on Balls Justin Lauderdale to second
|
|
Pitching: RHP Kenzaburo Yoneyama
|
|
|
Batting: RHB Cesar Ortega
|
0-0: Called Strike 0-1: Fly out, F7 (Line Drive, 7, EV 88.1 MPH) Runner from 3rd tags up, SCORES, throw by LF
|
|
Batting: SHB Brendan Bundy
|
0-0: Ball Wild Pitch! Justin Lauderdale to third Matt Patnaude to second 1-0: Foul Ball, location: 2F 1-1: Ball 2-1: Ball 3-1: Foul Ball, location: 2F 3-2: Base on Balls
|
|
Batting: SHB Ivan Barry
|
0-0: Ball 1-0: Ball 2-0: Called Strike 2-1: Ground out U3 (Groundball, 3L, EV 105.6 MPH)
|
| Bottom of the 7th over - 1 run, 2 hits, 0 errors, 3 left on base; Tacoma 2 - Salt Lake 1 |
| TOP OF THE 8TH |
|
Tacoma Rainiers batting - Pitching for Salt Lake Bees : LHP Dan Poirier
|
|
Batting: LHB Jerrod Cluck
|
0-0: Foul Ball, location: 2F 0-1: Ball 1-1: Called Strike 1-2: Ball 2-2: Strikes out swinging
|
|
Batting: LHB Cliff Thomas
|
0-0: Called Strike 0-1: Called Strike 0-2: Ball 1-2: Foul Ball, location: 2F 1-2: Strikes out swinging
|
|
Batting: RHB Bill Vives
|
0-0: Called Strike 0-1: Foul Ball, location: 2F 0-2: Foul Ball, location: 2F 0-2: Hit by Pitch
|
|
Batting: LHB Caleb Domino
|
0-0: Ball 1-0: Ball 2-0: Ball 3-0: Base on Balls Bill Vives to second
|
|
Batting: RHB Rick Ellis
|
0-0: Fly out, F8 (Line Drive, 8LD, EV 92.5 MPH)
|
| Top of the 8th over - 0 runs, 0 hits, 0 errors, 2 left on base; Tacoma 2 - Salt Lake 1 |
| BOTTOM OF THE 8TH |
|
Salt Lake Bees batting - Pitching for Tacoma Rainiers : RHP Kenzaburo Yoneyama
|
|
Pitching: RHP Mark Case
|
|
|
Batting: RHB Ryan Marler
|
0-0: Ball 1-0: Swinging Strike 1-1: Foul Ball, location: 2F 1-2: Ball 2-2: Strikes out swinging
|
|
Pinch Hitting: LHB Tyler Meier
|
0-0: Ball 1-0: Ball 2-0: Swinging Strike 2-1: Fly out, F7 (Flyball, 7LS, EV 90.0 MPH)
|
|
Batting: RHB Reginald McDougall
|
0-0: Ball 1-0: Ground out 6-3 (Groundball, 6S, EV 85.6 MPH)
|
| Bottom of the 8th over - 0 runs, 0 hits, 0 errors, 0 left on base; Tacoma 2 - Salt Lake 1 |
| TOP OF THE 9TH |
|
Tacoma Rainiers batting - Pitching for Salt Lake Bees : LHP Dan Poirier
|
|
Pitching: RHP Joe Beam
|
|
|
Now at 1B: Tyler Meier
|
|
|
Now at SS: Ivan Barry
|
|
|
Batting: RHB Kikuo Sato
|
0-0: Ball 1-0: Foul Ball, location: 2F 1-1: Called Strike 1-2: Ball 2-2: Ground out 4-3 (Groundball, 34, EV 97.5 MPH)
|
|
Batting: RHB Salvador Avina
|
0-0: Ball 1-0: Ball 2-0: Called Strike 2-1: Called Strike 2-2: Ground out U3 (Groundball, 3, EV 106.2 MPH)
|
|
Batting: RHB Sean Peake
|
0-0: Called Strike 0-1: Called Strike 0-2: Foul Ball, location: 2F 0-2: Ball 1-2: Ball 2-2: Ball 3-2: Strikes out looking
|
| Top of the 9th over - 0 runs, 0 hits, 0 errors, 0 left on base; Tacoma 2 - Salt Lake 1 |
| BOTTOM OF THE 9TH |
|
Salt Lake Bees batting - Pitching for Tacoma Rainiers : RHP Mark Case
|
|
Batting: RHB Guillermo Mojica
|
0-0: Foul Ball, location: 2F 0-1: Swinging Strike 0-2: Foul Ball, location: 2F 0-2: Foul Ball, location: 2F 0-2: Strikes out swinging
|
|
Batting: RHB Justin Lauderdale
|
0-0: Ball 1-0: Ball 2-0: Called Strike 2-1: Ball 3-1: Swinging Strike 3-2: Ground out 6-3 (Groundball, 6, EV 110.0 MPH)
|
|
Batting: LHB Matt Patnaude
|
0-0: Foul Ball, location: 2F 0-1: Swinging Strike 0-2: Fly out, F7 (Flyball, 78M, EV 90.0 MPH)
|
| Bottom of the 9th over - 0 runs, 0 hits, 0 errors, 0 left on base; Tacoma 2 - Salt Lake 1 |
|